[ AOE2 MATCH · #494333583 ]
UnrankedPersians vs Vietnamese
Player's team · WIN
[ REPLAY ANALYSIS · EXTRACTED FROM THE RECORDED GAME ]
Feudal
—
Castle
—
Imperial
—
| APM avg | 58.3 |
| APM peak | 91 |
| eAPM avg | 23.1 |
| Villagers / military | 27 / 0 |
Focus
⚔️ 23.4% · 🌾 76.6%
Feudal
9:20
Castle
—
Imperial
—
| APM avg | 64.7 |
| APM peak | 103 |
| eAPM avg | 24.6 |
| Villagers / military | 25 / 0 |
Focus
⚔️ 38.6% · 🌾 61.4%
Match map
Initial resources + every placement click. Lines = walls · curves = elevation contours. ◆ gold · ⬟ stone · ● berries · ✦ relic · ◌ wall gap
Your base
DS_Maulet's base
Smoothed initial terrain · ◌ = detected wall gap · hover for details
Inputs per minute
— [GDL] Faraon - - DS_Maulet
Build order — [GDL] Faraon
39 actions detected in the replay
| 0:00 | Create | Villager (Male) |
| 0:01 | Create | Villager (Male) |
| 0:01 | Create | Villager (Male) |
| 0:01 | Create | Villager (Male) |
| 0:02 | Build | House |
| 0:04 | Build | House |
| 0:27 | Create | Villager (Male) |
| 1:31 | Build | House |
| 1:44 | Create | Villager (Male) |
| 1:45 | Create | Villager (Male) |
| 2:03 | Create | Villager (Male) |
| 2:09 | Build | Lumber Camp |
| 2:15 | Build | House |
| 2:16 | Build | House |
| 2:42 | Create | Villager (Male) |
| 2:44 | Create | Villager (Male) |
| 3:20 | Create | Villager (Male) |
| 3:54 | Create | Villager (Male) |
| 4:11 | Create | Villager (Male) |
| 4:39 | Create | Villager (Male) |
| 4:39 | Create | Villager (Male) |
| 5:07 | Create | Villager (Male) |
| 5:08 | Research | Loom |
| 5:50 | Create | Villager (Male) |
| 5:50 | Create | Villager (Male) |
| 5:55 | Build | Mill |
| 6:54 | Build | Town Center |
| 7:16 | Build | Palisade Gate |
| 7:50 | Create | Villager (Male) |
| 8:04 | Create | Villager (Male) |
| 8:13 | Create | Villager (Male) |
| 8:13 | Create | Villager (Male) |
| 8:49 | Build | Palisade Gate |
| 9:02 | Create | Villager (Male) |
| 9:18 | Build | Palisade Gate |
| 9:54 | Create | Villager (Male) |
| 9:54 | Create | Villager (Male) |
| 10:31 | Create | Villager (Male) |
| 10:46 | Create | Villager (Male) |
Build order — DS_Maulet
48 actions detected in the replay
| 0:00 | Create | Villager (Male) |
| 0:00 | Create | Villager (Male) |
| 0:01 | Create | Villager (Male) |
| 0:01 | Create | Villager (Male) |
| 0:01 | Create | Villager (Male) |
| 0:02 | Build | House |
| 0:04 | Build | House |
| 1:28 | Create | Villager (Male) |
| 1:45 | Build | Lumber Camp |
| 2:01 | Create | Villager (Male) |
| 2:16 | Create | Villager (Male) |
| 2:33 | Create | Villager (Male) |
| 2:33 | Create | Villager (Male) |
| 3:14 | Create | Villager (Male) |
| 3:14 | Create | Villager (Male) |
| 3:36 | Create | Villager (Male) |
| 3:36 | Create | Villager (Male) |
| 3:52 | Build | House |
| 3:55 | Create | Villager (Male) |
| 3:55 | Create | Villager (Male) |
| 3:56 | Create | Villager (Male) |
| 4:17 | Create | Villager (Male) |
| 4:25 | Create | Villager (Male) |
| 4:25 | Create | Villager (Male) |
| 4:57 | Create | Villager (Male) |
| 5:00 | Build | Mill |
| 5:12 | Create | Villager (Male) |
| 5:13 | Research | Loom |
| 6:43 | Create | Villager (Male) |
| 7:01 | Build | Palisade Wall |
| 7:03 | Build | Palisade Wall |
| 7:10 | Research | Feudal Age |
| 7:15 | Build | Lumber Camp |
| 7:45 | Build | Mining Camp |
| 7:58 | Create | Villager (Male) |
| 8:12 | Create | Villager (Male) |
| 8:26 | Build | House |
| 8:36 | Build | Palisade Wall |
| 8:53 | Build | Barracks |
| 9:12 | Build | Palisade Wall |
| 9:14 | Build | Palisade Wall |
| 9:18 | Build | Palisade Wall |
| 9:20 | Build | Palisade Wall |
| 9:20 | Age | Feudal Age |
| 9:22 | Build | Palisade Wall |
| 9:36 | Research | Double-Bit Axe |
| 10:51 | Build | Palisade Wall |
| 10:54 | Build | Palisade Wall |
Match timeline
| 7:01 | DS_Maulet · wall_segment Palisade Wall x1 |
| 7:03 | DS_Maulet · wall_segment Palisade Wall x1 |
| 8:36 | DS_Maulet · wall_segment Palisade Wall x1 |
| 8:53 | DS_Maulet · first_building Barracks |
| 9:12 | DS_Maulet · wall_segment Palisade Wall x1 |
| 9:14 | DS_Maulet · wall_segment Palisade Wall x1 |
| 9:18 | DS_Maulet · wall_segment Palisade Wall x1 |
| 9:20 | DS_Maulet · wall_segment Palisade Wall x1 |
| 9:20 | DS_Maulet · age_up feudal |
| 9:22 | DS_Maulet · wall_segment Palisade Wall x1 |
| 10:51 | DS_Maulet · wall_segment Palisade Wall x1 |
| 10:54 | DS_Maulet · wall_segment Palisade Wall x1 |
| 10:59 | DS_Maulet · resign |
[ AI ANALYSIS · 1 CREDIT ]
What really happened in this match?
Wolo.gg analyzes every decision: build order, eco, micro, common mistakes by bracket. Personalized analysis on WhatsApp or Discord in 30 seconds.
Civ guide
Persians
Perfil
[GDL] Faraon